 Dungeon Crawl Stone Soup version 0.28-a0-1506-g3893175d92 (webtiles) character file.

Game seed: 11885434028089086891

9 knot the Chopper (level 2, 24/24 HPs)
             Began as a Demonspawn Berserker on Jan 14, 2022.
             Was a Follower of Trog.
             Quit the game on level 1 of the Dungeon.
             The game lasted 00:00:22 (483 turns).

knot the Chopper (Demonspawn Berserker)              Turns: 483, Time: 00:00:22

Health: 24/24      AC:  2    Str: 17    XL:     2   Next: 6%
Magic:  2/2        EV: 12    Int:  8    God:    Trog [*.....]
Gold:   10         SH:  0    Dex: 12    Spells: 1/1 levels left

rFire   . . .      SeeInvis .   a - +0 hand axe
rCold   . . .      Faith    .   (no shield)
rNeg    . . .      Spirit   .   b - +0 animal skin
rPois   .          Reflect  .   (no helmet)
rElec   .          Harm     .   (no cloak)
rCorr   .          Rampage  .   (no gloves)
Will    .....                   (no boots)
Stlth   +.........              (no amulet)
HPRegen 0.08/turn               (no ring)
MPRegen 0.08/turn               (no ring)

@: no status effects
A: foul stench 1
a: Renounce Religion, Berserk


You were on level 1 of the Dungeon.
You worshipped Trog.
Trog was aware of your devotion.
You visited 1 branch of the dungeon, and saw 1 of its levels.

You collected 10 gold pieces.

Inventory:

Hand Weapons
 a - a +0 hand axe (weapon)
Armour
 b - a +0 animal skin (worn)
Scrolls
 c - 2 scrolls of identify {unknown}


   Skills:
 - Level 3.0 Fighting
 + Level 3.3 Axes
 - Level 1.7 Armour
 - Level 1.7 Dodging


You had one spell level left.
You didn't know any spells.
Your spell library contained the following spells:

 Spells                   Type           Power      Damage    Failure   Level
 Summon Small Mammal      Summ           0%         N/A       41%         1
 Call Canine Familiar     Summ           0%         N/A       78%         3
 Summon Guardian Golem    Hex/Summ       0%         N/A       78%         3


Dungeon Overview and Level Annotations

Branches:
Dungeon (1/15)

Altars:


Innate Abilities, Weirdness & Mutations

You may rarely emit foul miasma when damaged in melee.


Message History

You kill the bat!
Trog accepts your kill.
No target in view!
No target in view!
No target in view!
A hobgoblin comes into view.
The hobgoblin shouts!
The hobgoblin hits you.
A hobgoblin is nearby!
You slash the hobgoblin!
You kill the hobgoblin!
Trog accepts your kill.
No target in view!
No target in view!
No target in view!
A frilled lizard comes into view.
A frilled lizard is nearby!
The frilled lizard hisses angrily.
A frilled lizard is nearby!
The frilled lizard barely misses you.
You hit the frilled lizard.
You kill the frilled lizard!
Trog accepts your kill.
No target in view!
You see here a frilled lizard corpse.
A bat and a kobold come into view.
The kobold shouts!
There are monsters nearby!
The kobold closely misses you.
There are monsters nearby!
You hit the bat.
You kill the bat!
Trog accepts your kill.
You hit the kobold.
You kill the kobold!
Trog accepts your kill.
You have reached level 2!
Your demonic ancestry asserts itself...
You begin to emit a foul stench of rot and decay.
Are you sure you want to abandon this character and quit the game? (Confirm with "yes".)

######### ####
#.......# ..#
#.#####.#
#)########.#####.#
####@##..........##.#
#.......#####.##.##.#
#......$####
#.##.##.# #.......#
#.......# ##.#....#
####.#### # ###..#
#.# ...# #.#### ###.#
#..... .. ##†...


There were no monsters in sight!

Vanquished Creatures
  2 bats (D:1)
  A hobgoblin (D:1)
  A quokka (D:1)
  3 frilled lizards (D:1)
  A kobold (D:1)
  2 rats (D:1)
10 creatures vanquished.

Notes
Turn   | Place    | Note
-------+----------+-------------------------------------------
     0 | D:1      | knot the Demonspawn Berserker began the quest for the Orb.
     0 | D:1      | Reached XP level 1. HP: 18/18 MP: 1/1
   483 | D:1      | Gained mutation: You may rarely emit foul miasma when
                  | damaged in melee. [demonic ancestry]
   483 | D:1      | Reached XP level 2. HP: 24/24 MP: 2/2
   483 | D:1      | Quit the game

Illustrated notes

Levels and vault maps discovered:
D:1:      nzn_arrival_settlement, layout_loops_cross

Skill      XL: |  1 |
---------------+----+-----
Axes           | 3 |  3.3
Fighting       | |  3.0
Armour         | |  1.7
Dodging        | |  1.7

Action                   || total
-------------------------++-------
Melee: Hand axe          ||    21
Invok: Berserk           ||     1
Armor: Animal skin       ||     6
Dodge: Dodged            ||    21

Table legend: (Time is in decaauts)
 A = Elapsed time spent in this place.
 B = Non-inter-level travel time spent in this place.
 C = Inter-level travel time spent in this place.
 D = Time resting spent in this place.
 E = Time spent auto-exploring this place.
 F = Levels seen in this place.
 G = Mean time per level.
                   A        B        C        D        E       F      G
               +--------+--------+--------+--------+--------+-----+--------+
         Total |    496 |    496 |      0 |    271 |    166 |   1 |  496.0 |
       Dungeon |    496 |    496 |      0 |    271 |    166 |   1 |  496.0 |
               +--------+--------+--------+--------+--------+-----+--------+

Top non-repeatable levels by time:
     D:1: 496 daAuts
